 Dungeon Crawl Stone Soup version 0.23.1 (webtiles) character file.

Game seed: 14069862561737232172

55792 ohad the Black Belt (level 14, -34/121 HPs)
             Began as an Octopode Transmuter on Mar 5, 2019.
             Was an Initiate of Gozag.
             Killed from afar by Jorgrun (36 damage)
             ... with an iron shot
             ... on level 13 of the Dungeon.
             The game lasted 01:11:19 (24274 turns).

ohad the Black Belt (Octopode Transmuter)          Turns: 24274, Time: 01:11:20

Health: -34/121    AC:  7    Str: 17    XL:     14   Next: 78%
Magic:  23/23      EV: 27    Int: 25    God:    Gozag
Gold:   86         SH:  0    Dex: 17    Spells: 10/25 levels left

rFire    + . .     SeeInvis +     - Unarmed
rCold    + + +     Gourm    .   (shield currently unavailable)
rNeg     . . .     Faith    .   (helmet currently unavailable)
rPois    +         Spirit   .   (no amulet)
rElec    +         Reflect  .   l - ring of see invisible
rCorr    +         Harm     .   h - ring of resist corrosion
MR       +....                  M - +5 ring of strength
Stlth    +++++.....             W - ring of wizardry
HPRegen  0.30/turn              Y - ring of Phasing {EV+8}
MPRegen  0.18/turn              Z - ring of Prescription {Wiz rPois Int+4}
                                C - ring "Now Qiago" {rElec rPois rF+ Str-2}
                                (no ring)

@: mighty, agile, ice-form, resistant, grasped by roots, constricted
A: large, almost no armour, stealthy swim, amphibious, 8 rings, (constrict 8)
a: End Transformation, Potion Petition, Call Merchant, Bribe Branch, Renounce
Religion


You were on level 13 of the Dungeon.
You worshipped Gozag.
Gozag was noncommittal.
You were not hungry.
You were a creature of crystalline ice.
You visited 3 branches of the dungeon, and saw 20 of its levels.

You collected 5557 gold pieces.
You spent 2599 gold pieces at shops.
You paid 2872 gold pieces to Gozag.

Inventory:

Hand Weapons
 m - a +5 dagger of electrocution
 E - a +0 blowgun
Missiles
 a - 133 arrows
 d - 97 poisoned needles
 v - 2 silver javelins (quivered)
 F - 6 curare-tipped needles
Armour
 J - a +0 large shield
Magical Staves
 i - an uncursed staff of summoning {unknown}
 G - an uncursed staff of energy
Jewellery
 h - a ring of resist corrosion (right front paw)
 l - a ring of see invisible (left front paw)
 x - the amulet of Crawling {Spirit rElec MP+9}
   (You found it on level 6 of the Dungeon)

   [amulet of guardian spirit]

   It causes incoming damage to be split between your health and magic.
   It insulates you from electricity.
   It affects your magic capacity (+9).
 y - an uncursed amulet of the acrobat
 C - the ring "Now Qiago" (on tentacle) {rElec rPois rF+ Str-2}
   (You bought it in a shop on level 1 of the Lair of Beasts)

   [ring of protection from fire]

   It affects your strength (-2).
   It protects you from fire.
   It insulates you from electricity.
   It protects you from poison.
 M - a +5 ring of strength (on tentacle)
 O - an uncursed ring of ice
 W - a ring of wizardry (on tentacle)
 X - an uncursed ring of fire
 Y - the ring of Phasing (on tentacle) {EV+8}
   (You bought it in a shop on level 1 of the Lair of Beasts)

   [ring of evasion]

   It affects your evasion (+8).
 Z - the ring of Prescription (on tentacle) {Wiz rPois Int+4}
   (You bought it in a shop on level 1 of the Lair of Beasts)

   [ring of wizardry]

   It improves your spell success rate.
   It affects your intelligence (+4).
   It protects you from poison.
Wands
 n - a wand of iceblast (23)
 p - a wand of disintegration (21)
 t - a wand of random effects (43)
 w - a wand of digging (17)
Scrolls
 j - 7 scrolls of amnesia {unknown}
 k - 8 scrolls of remove curse
 o - 6 scrolls of fog {unknown}
 u - 2 scrolls of blinking
 B - 3 scrolls of fear {unknown}
 D - 3 scrolls of teleportation
 L - 3 scrolls of enchant armour {unknown}
 V - a scroll of magic mapping
Potions
 e - 5 potions of flight
 f - 3 potions of resistance
 g - 3 potions of agility
 q - 2 potions of haste
 s - 3 potions of brilliance
 A - 6 potions of might
 H - 3 potions of lignification
 I - 2 potions of curing
 K - a potion of ambrosia
 N - 3 potions of magic
Miscellaneous
 b - a box of beasts
 Q - a lamp of fire
 S - a phantom mirror
 T - a lightning rod (4/4)
 U - a phial of floods
Comestibles
 c - 21 rations


   Skills:
 - Level 11.0 Fighting
 - Level 10.7 Dodging
 - Level 7.1 Stealth
 + Level 17.2 Unarmed Combat
 - Level 6.1 Spellcasting
 - Level 5.2 Transmutations
 - Level 3.9 Ice Magic


You had 10 spell levels left.
You knew the following spells:

 Your Spells              Type           Power        Failure   Level  Hunger
a - Beastly Appendage     Tmut           ####..       1%          1    None
b - Sticks to Snakes      Tmut           ####....     1%          2    None
c - Spider Form           Tmut/Pois      ###.......   2%          3    None
d - Ice Form              Ice/Tmut       ####....     3%          4    ###....
e - Blade Hands           Tmut           ####......   7%          5    #####..

Your spell library contained the following spells:

 Spells                   Type           Power        Failure   Level  Hunger
 Animate Skeleton         Necr           N/A          2%          1    None
 Apportation              Tloc           #.....       2%          1    None
 Confusing Touch          Hex            #.....       2%          1    None
 Infusion                 Chrm           #...         2%          1    None
 Pain                     Necr           #...         2%          1    None
 Summon Small Mammal      Summ           #...         2%          1    None
 Blink                    Tloc           N/A          3%          2    None
 Shroud of Golubria       Chrm/Tloc      #.........   3%          2    None
 Song of Slaying          Chrm           #.......     3%          2    None
 Gell's Gravitas          Tloc           #.........   6%          3    None
 Lesser Beckoning         Tloc           #.........   6%          3    None
 Regeneration             Chrm/Necr      #.........   6%          3    None
 Spectral Weapon          Hex/Chrm       #.......     6%          3    None
 Teleport Other           Tloc           #.......     6%          3    None
 Vampiric Draining        Necr           #.........   6%          3    None
 Animate Dead             Necr           N/A          19%         4    ###....
 Passage of Golubria      Tloc           N/A          19%         4    ###....


Dungeon Overview and Level Annotations

Branches:
Dungeon (13/15)            Temple (1/1) D:4            Lair (6/6) D:9
 Shoals (0/4) Lair:4       Spider (0/4) Lair:4        Slime (0/5) Lair:6
    Orc (0/2) D:11         Vaults (0/5) D:13

Altars:
Ashenzari
Cheibriados
Dithmenos
Elyvilon
Fedhas
Gozag
Hepliaklqana
Kikubaaqudgha
Makhleb
Nemelex Xobeh
Okawaru
Qazlal
Ru
Sif Muna
Trog
Uskayaw
Vehumet
Wu Jian
Xom
Yredelemnul
Zin
The Shining One
Jiyva

Shops:
D:11 [   Lair:1 =%

Annotations:
D:13 2 transporters, Jorgrun; vishdafish's ghost, adept GnFi


Innate Abilities, Weirdness & Mutations

You cannot wear most types of armour.
You are very stealthy in the water. (Stealth+)
You are amphibious.
You can wear up to eight rings at the same time.
((You can use your tentacles to constrict eight enemies at once.))
((Your skin changes colour to match your surroundings (Stealth+).))
((Your rubbery body absorbs attacks. (AC +1, EV +1)))


Message History

You feel much better. Magic courses through your body.
Jorgrun hits you with a +0 quarterstaff of crushing!
* * * LOW HITPOINT WARNING * * *
x3 The grasping roots constrict you!
The ogre shouts!
Unknown command.
You barely miss Jorgrun. Jorgrun closely misses you.
* * * LOW HITPOINT WARNING * * *
The grasping roots constrict you!
Unknown command.
You pummel Jorgrun like a punching bag!!!
You freeze Jorgrun!!
Jorgrun is severely wounded.
You hear a shout!
You barely miss Jorgrun.
Jorgrun is severely wounded.
Jorgrun points at you and mumbles some strange words.
The iron shot hits you!!!
You die...
Your body crumbles into a pile of gold.

#...... ..
#...... ..<.
#......######....
#................
#................
.................
.................
#######..........
#..YO......
#...g......
#..........
#....).....
###########


You could see Jorgrun and an ogre.

Vanquished Creatures
  Fannar (D:11)
  3 hydras
  3 vault guards (D:13)
  A catoblepas (Lair:4)
  3 two-headed ogres
  A tengu warrior (D:13)
  4 death yaks (Lair:4)
  Nergalle (D:11)
  A lindwurm (Lair:5)
  A deep elf mage (D:13)
  5 elephants (Lair:4)
  Maurice (D:9)
  21 spiny frogs
  3 black mambas
  11 komodo dragons
  2 rime drakes
  An efreet (D:13)
  A tengu conjurer (D:13)
  4 trolls
  3 tyrant leeches (Lair:6)
  2 hornets
  4 jumping spiders (Lair:4)
  Prince Ribbit (D:8)
  13 hippogriffs
  7 dream sheep (Lair:4)
  23 blink frogs
  14 slime creatures
  Sigmund (D:5)
  3 basilisks
  2 wraiths (D:8)
  19 yaks
  A human (D:7)
  2 wyverns
  4 hogs (D:7)
  6 vampire mosquitoes
  2 acid dragons
  7 water moccasins
  3 porcupines
  4 sky beasts
  6 ice beasts
  7 orc warriors
  2 phantoms
  A necrophage (D:8)
  3 black bears
  An eye of draining (D:13)
  6 centaurs
  3 ogres
  6 wolves
  12 crocodiles
  6 big kobolds
  Blork the orc (D:5)
  29 bullfrogs
  4 scorpions
  A wyvern skeleton (D:12)
  10 killer bees
  6 wights
  A howler monkey (D:9)
  2 electric eels (Lair:6)
  9 crimson imps
  2 centaur zombies
  A quasit (D:12)
  2 bullfrog zombies
  6 hounds
  4 human zombies (D:8)
  6 jellies
  14 orc priests
  5 bullfrog skeletons
  2 centaur skeletons
  A human skeleton (D:8)
  3 iguanas
  Ijyb (D:3)
  10 orc wizards
  11 worker ants
  8 hell rats (Lair:3)
  An ogre zombie (D:8)
  A hound zombie (D:11)
  4 mummies (D:8)
  Robin (D:4)
  2 worker ant zombies
  13 river rats (Lair:3)
  5 adders
  3 gnolls (D:9)
  3 shadow imps
  3 oozes
  A worm (D:3)
  2 dart slugs
  4 leopard geckos
  33 orcs
  2 ball pythons (D:1)
  4 bats
  5 giant cockroaches
  17 goblins
  6 hobgoblins
  15 jackals
  24 kobolds
  11 quokkas
  A frilled lizard (D:1)
  A leopard gecko skeleton (D:6)
  A quokka skeleton (D:10)
  12 rats
556 creatures vanquished.

Vanquished Creatures (collateral kills)
  Harold (D:9)
  A basilisk (D:9)
  A necrophage (D:7)
  A hound (D:9)
  2 orcs
  A jackal (D:6)
  A rat (Lair:3)
8 creatures vanquished.

Vanquished Creatures (others)
  19 fungi
  43 plants
62 creatures vanquished.

Grand Total: 626 creatures vanquished

Notes
Turn   | Place    | Note
-------+----------+-------------------------------------------
     0 | D:1      | ohad the Octopode Transmuter began the quest for the Orb.
     0 | D:1      | Reached XP level 1. HP: 13/13 MP: 3/3
    76 | D:1      | Reached XP level 2. HP: 5/18 MP: 3/5
    79 | D:1      | Reached skill level 1 in Stealth
   507 | D:1      | Reached XP level 3. HP: 9/23 MP: 4/6
   720 | D:1      | Learned a level 2 spell: Sticks to Snakes
   724 | D:1      | Learned a level 3 spell: Spider Form
  2420 | D:3      | Reached XP level 4. HP: 23/28 MP: 4/7
  2438 | D:3      | Reached XP level 5. HP: 15/33 MP: 3/9
  2525 | D:3      | Learned a level 4 spell: Ice Form
  2732 | D:3      | Noticed Ijyb
  2746 | D:3      | Killed Ijyb
  2746 | D:3      | Reached skill level 1 in Ice Magic
  3277 | D:4      | Noticed Robin
  3513 | D:4      | Reached XP level 6. HP: 34/38 MP: 4/10
  3572 | D:4      | Found a staircase to the Ecumenical Temple.
  3664 | D:4      | Killed Robin
  4205 | D:5      | Entered Level 5 of the Dungeon
  4264 | D:5      | Noticed an orc warrior
  4571 | D:5      | Noticed Sigmund
  4584 | D:5      | Killed Sigmund
  4584 | D:5      | Reached skill level 5 in Transmutations
  4584 | D:5      | Reached XP level 7. HP: 17/43 MP: 8/11
  5208 | D:5      | Noticed Blork the orc
  5223 | D:5      | Killed Blork the orc
  5223 | D:5      | Reached skill level 4 in Unarmed Combat
  5329 | D:5      | Reached skill level 5 in Unarmed Combat
  5479 | Temple   | Entered the Ecumenical Temple
  5580 | Temple   | Became a worshipper of Gozag Ym Sagoz the Greedy
  5710 | D:6      | Found a sacrificial altar of Ru.
  5812 | D:6      | Reached XP level 8. HP: 17/48 MP: 9/12
  6070 | D:6      | Reached skill level 6 in Unarmed Combat
  6103 | D:6      | Got a transparent silver amulet
  6106 | D:6      | Identified the amulet of Crawling {Spirit rElec MP+9} (You
                  | found it on level 6 of the Dungeon)
  7116 | D:7      | Reached skill level 5 in Dodging
  7282 | D:7      | Reached XP level 9. HP: 54/55 MP: 13/13
  7408 | D:7      | Found a deep blue altar of Sif Muna.
  7648 | D:7      | Reached skill level 5 in Spellcasting
  7740 | D:7      | Learned a level 5 spell: Blade Hands
  7862 | D:8      | Noticed a two-headed ogre
  7998 | D:8      | Reached skill level 5 in Fighting
  8109 | D:8      | Reached XP level 10. HP: 65/65 MP: 19/19
  8412 | D:8      | Found an ancient bone altar of Kikubaaqudgha.
  8436 | D:8      | Reached skill level 7 in Unarmed Combat
  8685 | D:8      | Noticed Prince Ribbit
  8694 | D:8      | Killed Prince Ribbit
  8829 | D:8      | Reached skill level 8 in Unarmed Combat
  9327 | D:8      | Killed a two-headed ogre
  9327 | D:8      | Reached skill level 9 in Unarmed Combat
  9468 | D:9      | Noticed Harold
  9470 | D:9      | Reached skill level 10 in Unarmed Combat
  9483 | D:9      | Killed Harold
  9562 | D:9      | Reached XP level 11. HP: 52/72 MP: 15/20
  9855 | D:9      | Found a stormy altar of Qazlal.
 10005 | D:9      | Noticed Maurice
 10019 | D:9      | Killed Maurice
 10773 | D:9      | Found a staircase to the Lair.
 10908 | D:10     | Entered Level 10 of the Dungeon
 11623 | D:10     | Noticed a two-headed ogre
 11636 | D:10     | Killed a two-headed ogre
 11636 | D:10     | Reached skill level 11 in Unarmed Combat
 11802 | D:11     | Found Hileh's Armour Shop.
 11802 | D:11     | Found a staircase to the Orcish Mines.
 11964 | D:11     | Noticed Nergalle
 11978 | D:11     | Killed Nergalle
 12263 | D:11     | Reached skill level 12 in Unarmed Combat
 12327 | D:11     | Noticed Fannar
 12348 | D:11     | Killed Fannar
 12885 | D:12     | Reached XP level 12. HP: 81/81 MP: 21/21
 13256 | D:12     | Reached skill level 5 in Stealth
 13262 | D:12     | Noticed a two-headed ogre
 13291 | D:12     | Killed a two-headed ogre
 13442 | D:12     | Reached skill level 13 in Unarmed Combat
 13932 | D:13     | Noticed a stone giant
 13934 | D:13     | Noticed vishdafish's ghost (adept GnFi)
 13935 | D:13     | Noticed a tengu reaver
 13943 | D:13     | Found a transporter.
 13946 | D:13     | Found a transporter.
 14194 | Lair:1   | Entered Level 1 of the Lair of Beasts
 14826 | Lair:2   | Reached skill level 14 in Unarmed Combat
 15738 | Lair:3   | Noticed a five-headed hydra
 16426 | Lair:1   | Bought the ring of Phasing {EV+8} for 1536 gold pieces
 16426 | Lair:1   | Found the ring of Phasing {EV+8}
 17052 | Lair:4   | Noticed a death yak
 17052 | Lair:4   | Noticed a death yak
 17052 | Lair:4   | Noticed a death yak
 17053 | Lair:4   | Noticed a death yak
 17072 | Lair:4   | Killed a death yak
 17082 | Lair:4   | Killed a death yak
 17082 | Lair:4   | Reached XP level 13. HP: 35/88 MP: 9/22
 17374 | Lair:4   | Found a staircase to the Shoals.
 18022 | Lair:4   | Found a hole to the Spider Nest.
 18240 | Lair:4   | Reached skill level 15 in Unarmed Combat
 19902 | Lair:1   | Bought the ring of Prescription {Wiz rPois Int+4} for 595
                  | gold pieces
 20110 | Lair:6   | Entered Level 6 of the Lair of Beasts
 20221 | Lair:6   | Reached skill level 16 in Unarmed Combat
 20297 | Lair:1   | Bought the ring "Now Qiago" {rElec rPois rF+ Str-2} for 468
                  | gold pieces
 20756 | Lair:6   | Reached XP level 14. HP: 73/98 MP: 18/23
 20958 | Lair:6   | Reached skill level 10 in Fighting
 21162 | Lair:5   | Reached skill level 10 in Dodging
 22775 | Lair:6   | Found a runed translucent door.
 22777 | Lair:6   | Found a viscous altar of Jiyva.
 22778 | Lair:6   | Found a staircase to the Slime Pits.
 23259 | D:13     | Found a gate to the Vaults.
 23560 | D:13     | Reached skill level 17 in Unarmed Combat
 24268 | D:13     | Noticed Jorgrun
 24272 | D:13     | HP: 2/121 [Jorgrun/+0 quarterstaff of crushing (10)]
 24274 | D:13     | Killed from afar by Jorgrun

Skill      XL: |  1  2  3  4  5  6  7  8  9 10 11 12 13 14 |
---------------+-------------------------------------------+-----
Stealth        | 2 7 |  7.1
Transmutations | 3 4 5 |  5.2
Spellcasting   | 3 6 |  6.1
Ice Magic      | 3 |  3.9
Unarmed Combat | 5 6 10 12 14 16 17 | 17.2
Fighting       | 3 5 6 7 8 9 11 | 11.0
Dodging        | 5 6 8 9 10 | 10.7

Action                   |  1- 3 |  4- 6 |  7- 9 | 10-12 | 13-15 || total
-------------------------+-------+-------+-------+-------+-------++-------
Melee: Unarmed           |    85 |   101 |   258 |   746 |   550 ||  1740
       Constrict         |    24 |     7 |    12 |    11 |     3 ||    57
       Tentacles         |    11 |     3 |     8 |     8 |     3 ||    33
       Kick              |     8 |     1 |       |       |       ||     9
       Punch             |       |       |     2 |     3 |     3 ||     8
 Cast: Beastly Appendage |     9 |     2 |       |     1 |       ||    12
       Spider Form       |     2 |    15 |    14 |     2 |       ||    33
       Sticks to Snakes  |       |     2 |    13 |    35 |    44 ||    94
       Ice Form          |       |       |    11 |    64 |    46 ||   121
       Blade Hands       |       |       |       |       |     2 ||     2
Invok: Call Merchant     |       |       |       |     2 |       ||     2
       Potion Petition   |       |       |       |       |     4 ||     4
 Abil: End Transformatio |       |       |       |     1 |     1 ||     2
  Use: Scroll            |       |     7 |     3 |    11 |     6 ||    27
       Potion            |       |       |       |     3 |     2 ||     5
 Stab: Sleeping          |     9 |     2 |     5 |    12 |     4 ||    32
       Distracted        |       |       |     4 |     6 |     7 ||    17
  Eat: Chunk             |     5 |     8 |     4 |       |       ||    17
       Ration            |       |       |     4 |    11 |     9 ||    24
Armor: Skin              |     6 |     2 |    23 |    94 |    40 ||   165
Dodge: Dodged            |    79 |    74 |   191 |   358 |   481 ||  1183
